 Dungeon Crawl Stone Soup version 0.31-a0-257-gf185e81a89 (webtiles) character file.

Game seed: 2231998070927625321

81 qw the Shooter (level 4, -5/36 HPs)
             Began as a Minotaur Hexslinger on July 12, 2023.
             Slain by an ogre
             ... wielding a +0 giant club
              (17 damage)
             ... on level 3 of the Dungeon.
             The game lasted 00:00:43 (1693 turns).

qw the Shooter (Minotaur Hexslinger)                Turns: 1693, Time: 00:00:44

Health: -5/36      AC:  7    Str: 12    XL:     4   Next: 19%
Magic:  4/4        EV: 11    Int: 10    God:
Gold:   92         SH:  0    Dex: 15    Spells: 4/5 levels left

rFire   . . .        Y - +1 sling
rCold   . . .        (no shield)
rNeg    . . .        k - +0 ring mail
rPois   .            (helmet restricted)
rElec   .            g - +0 cloak
rCorr   .            (no gloves)
SInv    .            l - +0 pair of boots
Will    .....        (no amulet)
Stlth   +            (no ring)
HPRegen 0.26/turn    (no ring)
MPRegen 0.09/turn

%: no passive effects
@: no status effects
A: horns 2, retaliatory headbutt
a: no special abilities


You were on level 3 of the Dungeon.
You visited 1 branch of the dungeon, and saw 3 of its levels.

You collected 92 gold pieces.


Innate Abilities, Weirdness & Mutations

You have a pair of horns on your head.
You reflexively headbutt those who attack you in melee.


   Skills:
 - Level 2.0 Fighting
 + Level 4.5 Ranged Weapons
 - Level 1.0 Armour
 - Level 2.1 Dodging
 - Level 1.0 Spellcasting
 - Level 2.0 Hexes


You had 4 spell levels left.
You knew the following spells:

 Your Spells              Type           Power      Damage    Failure   Level
a - Slow                  Hex            16%        N/A       34%         1

Your spell library contained the following spells:

 Spells                   Type           Power      Damage    Failure   Level
 Inner Flame              Hex/Fire       2%         N/A       83%         3
 Portal Projectile        Hex/Tloc       4%         N/A       83%         3
 Cause Fear               Hex            2%         N/A       98%         4

Inventory:

Hand Weapons
 Y - a +1 sling (weapon)
Armour
 g - a +0 cloak (worn)
 k - a +0 ring mail (worn)
 l - a +0 pair of boots (worn)
Jewellery
 m - a ring of fire
Scrolls
 a - 2 scrolls of identify
 b - a scroll of vulnerability {unknown}
 c - a scroll of enchant armour {unknown}
Potions
 d - a potion of mutation {unknown}
 e - a potion of enlightenment {unknown}
 f - a potion of attraction {unknown}
 h - a potion of haste {unknown}
 j - a potion of magic {unknown}

Dungeon Overview and Level Annotations

Branches:
Dungeon (3/15)

Altars:
Dithmenos
Makhleb
Qazlal
Sif Muna
Uskayaw
Zin
The Shining One

Shops:
D:1 :


Message History

The hobgoblin hits you.
You shoot a sling bullet.
The sling bullet barely misses the hobgoblin.
The hobgoblin hits you but does no damage.
You shoot a sling bullet.
The sling bullet hits the hobgoblin but does no damage.
The hobgoblin misses you. You furiously retaliate!
You headbutt the hobgoblin, but do no damage.
You shoot a sling bullet.
The sling bullet hits the hobgoblin but does no damage.
The hobgoblin barely misses you. You furiously retaliate!
You headbutt the hobgoblin!
You kill the hobgoblin!
Found a stone staircase leading down.
You see here a hobgoblin corpse.
Enter note:
Enter note:
Enter note:
Enter note: You now have 92 gold pieces (gained 10).
You see here a +0 robe.
An ogre comes into view. It is wielding a +0 giant club.
The ogre shouts!
Enter note:
Enter note:
Enter note:
Enter note: You shoot a sling bullet.
The sling bullet hits the ogre.
The ogre is lightly wounded.
The ogre hits you with a +0 giant club!!
Ouch! That really hurt!
You shoot a sling bullet. The sling bullet hits the ogre.
The ogre is moderately wounded.
You shoot a sling bullet. The sling bullet hits the ogre.
The ogre is heavily wounded.
The ogre barely misses you.
You shoot a sling bullet. The sling bullet hits the ogre.
The ogre is heavily wounded.
The ogre hits you with a +0 giant club!
You die...

#. .# ..# ####. .#
#.# #..>. .##..
#>... .#.####
####.... .....#
#....... #.##.#
#.####..
#O##.######.####..
#@.......##.##....
####.###.##^##.#.#
#.####.#
#.##......#
#......#
#.......###
######## #########


You could see an ogre.

Vanquished Creatures
  2 adders
  A worm (D:2)
  2 dart slugs
  3 ball pythons (D:2)
  5 endoplasms
  3 giant cockroaches
  9 goblins
  12 hobgoblins
  A quokka (D:2)
  4 bats
  3 frilled lizards
  4 rats
49 creatures vanquished.

Notes
Turn   | Place    | Note
-------+----------+-------------------------------------------
     0 | D:1      | qw the Minotaur Hexslinger began the quest for the Orb.
     0 | D:1      | Reached XP level 1. HP: 16/16 MP: 1/1
     0 | D:1      | 0 ||| qw: Version: 0.3-a-52-g30416fa
     0 | D:1      | 0 ||| qw: Game counter: 6781
     0 | D:1      | 0 ||| qw: Melee chars always use a shield: true
     0 | D:1      | 0 ||| qw: God list: Okawaru
     0 | D:1      | 0 ||| qw: Allow faded altars: false
     0 | D:1      | 0 ||| qw: Do Orc after clearing Dungeon:15 true
     0 | D:1      | 0 ||| qw: Do second Lair branch before Depths: true
     0 | D:1      | 0 ||| qw: Lair rune preference: random
     0 | D:1      | 0 ||| qw: Goals: Normal
     0 | D:1      | 0 ||| PLANNING D:1-11
    93 | D:1      | Reached skill level 3 in Ranged Weapons
   102 | D:1      | 102 ||| FLEEEEING.
   103 | D:1      | 103 ||| FLEEEEING.
   104 | D:1      | 104 ||| FLEEEEING.
   113 | D:1      | Reached XP level 2. HP: 23/23 MP: 2/2
   127 | D:1      | Found a faded altar of an unknown god.
   158 | D:1      | Found Itoines's Vocational Training.
   405 | D:1      | 405 ||| UPGRADING to +0 pair of boots.
   410 | D:1      | 410 ||| READING 2 scrolls labelled XAIFO DIAVVURO.
   411 | D:1      | 411 ||| READING scroll labelled UTOUPPETIE.
   412 | D:1      | 412 ||| READING scroll labelled QOBA JUDEZISET.
   413 | D:1      | 413 ||| READING scroll labelled OCYGRA SYX TIS.
   414 | D:1      | 414 ||| DRINKING 2 bubbling yellow potions.
   447 | D:1      | 447 ||| DROPPING scroll of poison.
   448 | D:1      | 448 ||| DROPPING potion of lignification.
   519 | D:2      | Reached XP level 3. HP: 29/29 MP: 3/3
  1103 | D:2      | Reached skill level 4 in Ranged Weapons
  1179 | D:2      | Found a stormy altar of Qazlal.
  1215 | D:2      | 1215 ||| UPGRADING to +0 cloak.
  1220 | D:2      | 1220 ||| UPGRADING to +0 ring mail.
  1230 | D:2      | 1230 ||| DROPPING +0 robe.
  1231 | D:2      | 1231 ||| READING scroll labelled HAOSHR ZENNI.
  1282 | D:2      | 1282 ||| READING 2 scrolls of identify.
  1282 | D:2      | 1282 ||| IDENTIFYING red potion
  1283 | D:2      | 1283 ||| DROPPING potion of invisibility.
  1301 | D:3      | Found a glowing silver altar of Zin.
  1330 | D:3      | Found a glowing golden altar of the Shining One.
  1331 | D:3      | 1331 ||| FLEEEEING.
  1332 | D:3      | 1332 ||| FLEEEEING.
  1333 | D:3      | 1333 ||| FLEEEEING.
  1335 | D:3      | Found a shadowy altar of Dithmenos.
  1335 | D:3      | Found a burning altar of Makhleb.
  1346 | D:3      | Found a hide-covered altar of Uskayaw.
  1402 | D:3      | Reached skill level 1 in Armour
  1447 | D:3      | Reached XP level 4. HP: 36/36 MP: 4/4
  1510 | D:3      | Found a shimmering blue altar of Sif Muna.
  1689 | D:3      | Noticed an ogre
  1693 | D:3      | Slain by an ogre

Levels and vault maps discovered:
D:1:      dpeg_arrival_arbitrary_c, layout_basic,
          shapermc_ecumenical_altar_mp_ritualfount, nicolae_shop_vocational
D:2:      layout_basic, basic_altar, serial_curves, eino_curves_01,
          eino_curves_04
D:3:      layout_loops_cross, grunt_temple_overflow_open, led_sif_pool

Skill      XL: |  1  2  3 |
---------------+----------+-----
Ranged Weapons | 3 4 |  4.5
Fighting       | 2 |  2.0
Armour         | 1 |  1.0
Dodging        | |  2.1
Spellcasting   | |  1.0
Hexes          | |  2.0

Action                     |  1- 3 |  4- 6 || total
---------------------------+-------+-------++-------
   Fire: Sling             |   129 |    26 ||   155
    Use: Scroll            |     6 |       ||     6
         Potion            |     1 |       ||     1
 Armour: Robe              |     4 |       ||     4
         Ring mail         |     9 |     8 ||    17
  Dodge: Dodged            |    23 |     7 ||    30

Table legend:
 A = Non-vault XP
 B = Vault XP
 C = Vault XP percentage of total XP
 D = Non-vault monster count
 E = Vault monster count
 F = Vault count percentage of total count
                 A         B        C        D         E       F
            +---------+---------+-------+---------+---------+-------
      Total |     116 |       0 |   0.0 |      49 |       0 |   0.0
            +---------+---------+-------+---------+---------+-------
        D:1 |      38 |       0 |   0.0 |      21 |       0 |   0.0
        D:2 |      37 |       0 |   0.0 |      13 |       0 |   0.0
        D:3 |      41 |       0 |   0.0 |      15 |       0 |   0.0
            +---------+---------+-------+---------+---------+-------
